 Dungeon Crawl Stone Soup version 0.26-a0-682-g294304f6e8 (webtiles) character file.

Game seed: 3914435932526389322

11966 DogServant the Dancer (level 11, -4/148 HPs)
             Began as a Hill Orc Gladiator on Oct 21, 2020.
             Was a Believer of Uskayaw.
             Slain by a cane toad (12 damage)
             ... on level 1 of the Lair of Beasts.
             The game lasted 00:25:14 (16026 turns).

DogServant the Dancer (Hill Orc Gladiator)         Turns: 16026, Time: 00:25:15

Health: -4/148     AC: 25    Str: 21    XL:     11   Next: 86%
Magic:  19/20      EV:  2    Int:  8    God:    Uskayaw [**....]
Gold:   127        SH:  5    Dex: 12    Spells: 10/10 levels left

rFire    + . .     SeeInvis .   a - +1 war axe (vorpal)
rCold    . . .     Faith    .   (no shield)
rNeg     + + +     Spirit   .   (armour currently unavailable)
rPois    +         Reflect  +   (helmet currently unavailable)
rElec    .         Harm     .   (cloak currently unavailable)
rCorr    .         Rampage  .   (gloves currently unavailable)
MR       .....     NoTele   +   (boots currently unavailable)
Stlth    +.........             u - amulet of reflection
HPRegen  0.34/turn              f - ring of protection from fire
MPRegen  0.17/turn              p - ring of positive energy

@: tree-form, studying Fighting
A: no striking features
a: Stomp, Line Pass, Renounce Religion


You were on level 1 of the Lair of Beasts.
You worshipped Uskayaw.
Uskayaw was pleased with you.
You were a tree.
You visited 3 branches of the dungeon, and saw 14 of its levels.

You collected 639 gold pieces.
You spent 512 gold pieces at shops.

Inventory:

Hand Weapons
 a - a +1 vorpal war axe (weapon)
 s - a +0 battleaxe
Missiles
 d - a throwing net (quivered)
 m - 23 poisoned darts
Armour
 c - a +0 helmet
 i - a +0 cloak (melded)
 k - the +0 helmet of Dymodin (melded) {rCorr}
   (You bought it in a shop on level 4 of the Dungeon)

   It provides partial protection from all sources of acid and corrosion.
 H - a +3 chain mail (melded)
Jewellery
 f - a ring of protection from fire (left branch)
 p - a ring of positive energy (right branch)
 u - an amulet of reflection (around neck)
Wands
 q - a wand of random effects (20)
 v - a wand of iceblast (5)
 w - a wand of paralysis (5)
 x - a wand of flame (21)
 E - a wand of digging (7)
Scrolls
 b - a scroll of fog
 l - 2 scrolls of enchant armour
 n - a scroll of magic mapping
 y - a scroll of amnesia {unknown}
Potions
 e - a potion of stabbing
 j - a potion of invisibility
 o - a potion of mutation {unknown}
 r - 2 potions of cancellation
 z - 2 potions of degeneration
 B - 3 potions of brilliance
 C - 3 potions of resistance
 D - a potion of ambrosia
Books
 g - a manual of Fighting


   Skills:
 - Level 10.0 Fighting
 - Level 10.0 Axes
 - Level 1.7 Throwing
 - Level 6.0 Armour
 - Level 9.0 Dodging
 + Level 12.0 Invocations
 - Level 4.0 Evocations


You had 10 spell levels left.
You didn't know any spells.
Your spell library was empty.

Dungeon Overview and Level Annotations

Branches:
Dungeon (12/15)            Temple (1/1) D:7            Lair (1/6) D:11
    Orc (0/2) D:10

Altars:
Ashenzari
Cheibriados
Dithmenos
Elyvilon
Fedhas
Gozag
Hepliaklqana
Kikubaaqudgha
Makhleb
Nemelex Xobeh
Okawaru
Qazlal
Ru
Sif Muna
Trog
Uskayaw
Vehumet
Wu Jian
Xom
Yredelemnul
Zin
The Shining One

Shops:
D:4 [   D:5 :!}}

Annotations:
D:12 Azrael


Message History

You block the komodo dragon's attack.
You hit the komodo dragon.
The komodo dragon is almost dead.
The komodo dragon bites you!
* * * LOW HITPOINT WARNING * * *
You hit the komodo dragon.
The komodo dragon is almost dead.
The komodo dragon bites you.
* * * LOW HITPOINT WARNING * * *
You slash the komodo dragon!
You kill the komodo dragon!
Your Invocations skill increases to level 12!
You hit the cane toad.
The cane toad is moderately wounded.
You block the cane toad's attack. The cane toad barely misses you.
You can now pass through a line of other dancers.
You slash the cane toad!
The cane toad is severely wounded.
The cane toad stings you!
You die...

#.#.... ..#....
...... . ..... #
..##.[.. ..#
.....#..####....
.....?.#........
.......<♣..#
#......F##....#
.........# #..#
..>.#...># ...
#.......... .
###!.......#
..........#
....#....F##
..###.##...


You could see a cane toad.

Vanquished Creatures
  Snorg (D:12)
  A two-headed ogre (D:10)
  An unseen horror (D:10)
  Pikel (D:6)
  Maurice (D:9)
  A cane toad (Lair:1)
  2 komodo dragons
  Prince Ribbit (D:8)
  Sigmund (D:6)
  2 wyverns
  2 wraiths
  5 yaks (Lair:1)
  Edmund (D:4)
  4 vampire mosquitoes (D:12)
  A soldier ant (D:6)
  3 hell hounds (D:12)
  3 water moccasins
  Duvessa (D:7)
  2 ice beasts (D:10)
  A sky beast (D:6)
  An eye of draining (D:10)
  4 orc warriors
  5 ogres
  3 black bears
  2 phantoms (D:10)
  8 centaurs
  3 bullfrogs
  A gnoll sergeant (D:7)
  2 elf zombies (D:8)
  2 elf skeletons (D:8)
  Dowan (D:7)
  3 scorpions
  4 troll zombies (D:10)
  9 wights (D:8)
  A howler monkey (D:8)
  A crimson imp (D:2)
  A bullfrog zombie (D:5)
  A centaur zombie (D:5)
  3 quasits
  7 hounds
  5 orc priests
  A bullfrog skeleton (D:11)
  2 centaur skeletons
  2 iguanas
  A gnoll shaman (D:4)
  A human skeleton (D:8)
  10 orc wizards
  7 worker ants
  A killer bee zombie (D:6)
  4 ogre zombies (D:10)
  A hound skeleton (D:4)
  A worker ant zombie (D:10)
  11 gnolls
  17 adders
  5 white imps
  4 ufetubi
  2 oozes
  2 adder zombies
  3 worms
  2 dart slugs
  3 leopard geckos
  31 orcs
  4 bats
  8 giant cockroaches
  8 hobgoblins
  7 jackals
  3 quokkas
  2 ball pythons
  A frilled lizard (D:5)
  9 goblins
  2 goblin skeletons (D:10)
  2 goblin zombies (D:10)
  4 hobgoblin zombies (D:10)
  6 kobolds
  A leopard gecko skeleton (D:3)
  A leopard gecko zombie (D:8)
  2 orc skeletons
  16 orc zombies (D:10)
  3 rats (D:3)
292 creatures vanquished.

Vanquished Creatures (others)
  A fungus (Lair:1)
  13 plants
14 creatures vanquished.

Grand Total: 306 creatures vanquished

Notes
Turn   | Place    | Note
-------+----------+-------------------------------------------
     0 | D:1      | DogServant the Hill Orc Gladiator began the quest for the
                  | Orb.
     0 | D:1      | Reached XP level 1. HP: 18/18 MP: 1/1
   268 | D:1      | Reached XP level 2. HP: 21/25 MP: 2/2
  1553 | D:1      | Reached XP level 3. HP: 31/31 MP: 3/3
  1831 | D:2      | Found a faded altar of an unknown god.
  1865 | D:2      | Found a burning altar of Makhleb.
  1892 | D:2      | Reached skill level 5 in Axes
  1892 | D:2      | Reached XP level 4. HP: 39/40 MP: 4/4
  2643 | D:2      | Found an ornate altar of the Wu Jian Council.
  3181 | D:3      | Reached XP level 5. HP: 29/47 MP: 5/5
  3530 | D:3      | Found a hazy altar of Hepliaklqana.
  3999 | D:3      | Reached skill level 5 in Fighting
  4323 | D:3      | Reached XP level 6. HP: 53/56 MP: 6/6
  4642 | D:4      | Found Teskei's Armour Boutique.
  4799 | D:4      | Noticed Edmund
  4822 | D:4      | Killed Edmund
  5042 | D:4      | Reached XP level 7. HP: 55/64 MP: 7/7
  5150 | D:4      | Found a sparkling altar of Nemelex Xobeh.
  5242 | D:4      | Found the +2 Maxwell's thermic engine {flame, freeze}
  6206 | D:5      | Entered Level 5 of the Dungeon
  6206 | D:5      | Found a radiant altar of Vehumet.
  6285 | D:5      | Found Feffe's Distillery.
  6292 | D:5      | Found Naysac's Gadget Emporium.
  6468 | D:5      | Reached XP level 8. HP: 73/74 MP: 8/8
  6731 | D:5      | Found Fizaolof's Gadget Shoppe.
  6785 | D:5      | Found a white marble altar of Elyvilon.
  7019 | D:5      | Found Wifoof's Book Shoppe.
  7063 | D:5      | Found a sacrificial altar of Ru.
  7131 | D:6      | Found an iron altar of Okawaru.
  7199 | D:6      | Noticed Sigmund
  7326 | D:6      | Killed Sigmund
  7326 | D:6      | Reached skill level 5 in Armour
  7779 | D:6      | Reached XP level 9. HP: 50/81 MP: 9/9
  7980 | D:6      | Reached skill level 10 in Axes
  8318 | D:6      | Noticed Pikel
  8330 | D:6      | Killed Pikel
  8330 | D:6      | Reached skill level 5 in Dodging
  8429 | D:6      | Found a bloodstained altar of Trog.
  8564 | D:6      | Found a shadowy altar of Dithmenos.
  8769 | D:7      | Found a staircase to the Ecumenical Temple.
  8794 | Temple   | Entered the Ecumenical Temple
  9283 | D:4      | Bought a +3 chain mail for 215 gold pieces
  9778 | D:7      | Found a blossoming altar of Fedhas.
  9972 | D:7      | Reached XP level 10. HP: 88/88 MP: 10/10
  9975 | D:7      | Noticed Duvessa
  9976 | D:7      | Noticed Dowan
 10008 | D:7      | Killed Duvessa
 10019 | D:7      | Killed Dowan
 10558 | D:8      | Found a radiant altar of Vehumet.
 11129 | D:8      | Noticed Prince Ribbit
 11143 | D:8      | Killed Prince Ribbit
 11282 | D:8      | Found a hide-covered altar of Uskayaw.
 11288 | D:8      | Became a worshipper of Uskayaw the Reveler
 11535 | D:9      | Reached * piety under Uskayaw
 11636 | D:9      | Noticed Maurice
 11644 | D:9      | Reached ** piety under Uskayaw
 11647 | D:9      | Reached skill level 1 in Invocations
 11648 | D:9      | Reached *** piety under Uskayaw
 11649 | D:9      | Killed Maurice
 11649 | D:9      | Reached skill level 2 in Invocations
 11649 | D:9      | Reached skill level 1 in Evocations
 11768 | D:9      | Reached **** piety under Uskayaw
 12026 | D:9      | Found a shimmering blue altar of Sif Muna.
 12200 | D:10     | Entered Level 10 of the Dungeon
 12207 | D:10     | Reached skill level 3 in Invocations
 12220 | D:10     | Identified a scroll of acquirement
 12220 | D:10     | Acquired a manual of Fighting
 12247 | D:10     | Reached ***** piety under Uskayaw
 12254 | D:10     | Reached ****** piety under Uskayaw
 12275 | D:10     | Reached skill level 4 in Invocations
 12312 | D:10     | Found a staircase to the Orcish Mines.
 12571 | D:10     | Reached XP level 11. HP: 99/99 MP: 14/14
 12631 | D:10     | Killed an unseen horror
 12631 | D:10     | Reached skill level 10 in Fighting
 12631 | D:10     | Reached skill level 5 in Invocations
 12954 | D:10     | Reached skill level 6 in Invocations
 13609 | D:10     | Noticed a two-headed ogre
 13616 | D:10     | Killed a two-headed ogre
 13616 | D:10     | Reached skill level 7 in Invocations
 13911 | D:11     | Reached skill level 8 in Invocations
 13954 | D:11     | Noticed a seven-headed hydra
 13967 | D:11     | Noticed a boulder beetle
 13976 | D:12     | Noticed Snorg
 13991 | D:12     | Killed Snorg
 13991 | D:12     | Reached skill level 9 in Invocations
 14175 | D:12     | Reached skill level 10 in Invocations
 14428 | D:12     | Noticed Azrael
 14886 | D:11     | Noticed a two-headed ogre
 15385 | D:4      | Bought the +0 helmet of Dymodin {rCorr} for 171 gold pieces
 15644 | D:5      | Bought a wand of iceblast (5) for 126 gold pieces
 15789 | D:11     | Found a staircase to the Lair.
 15836 | Lair:1   | Entered Level 1 of the Lair of Beasts
 15842 | Lair:1   | Reached skill level 11 in Invocations
 16023 | Lair:1   | HP: 7/148 [komodo dragon (3)]
 16024 | Lair:1   | Reached skill level 12 in Invocations
 16026 | Lair:1   | Slain by a cane toad

Illustrated notes

Levels and vault maps discovered:
D:1:      erik_arrival_cave_to_civilisation [erik_arrival_cave_to_hall],
          layout_loops_ring
D:2:      layout_loops_ring, lemuel_doored_altar, makhleb_grotto_becter,
          chequers_ecumenical_altar_simple_redux
D:3:      kennysheep_big_flooded_room, layout_basic,
          nicolae_overflow_crystal_walls, minmay_goblin_outpost
D:4:      layout_basic, nemelex_altar_shiori, serial_shops, nicolae_shop_trees,
          uniq_edmund
D:5:      layout_loops_ring, elyvilon_altar_5, kennysheep_mini_moat,
          basic_altar, serial_shops, shop_fountains, shop_statue,
          kennysheep_little_box, nicolae_shop_window_shopping,
          kennysheep_big_empty_room, guppyfry_early_orc_mine
D:6:      layout_cave_pods, lemuel_coloured_pillars_altar, okawaru_trees_1,
          trog_ov_bears_minmay, corexii_shack, uniq_sigmund, uniq_pikel
D:7:      layout_cave_pools, fedhas_altar_fruit_tree, minmay_temple_entry_glass,
          uniq_duvessa
D:8:      layout_rooms, overflow_temple_1_default, marbit_many_paths,
          nicolae_ossuary_entry_catacombs, hangedman_decor_riveting,
          uniq_prince_ribbit1
D:9:      layout_basic, lemuel_blue_sif_altar, uniq_maurice
D:10:     layout_loops_ring, zombieorc2_lemuel, patterned_corridor
D:11:     layout_basic, david_lair_shrubbed
D:12:     layout_irregular_city, enter_bailey_3, serial_rivers,
          chequers_serial_rivers_micro_c, chequers_serial_rivers_marsh,
          chequers_serial_rivers_large_b, chequers_serial_rivers_micro_c,
          uniq_azrael, uniq_snorg
Temple:   compressed_dpeg_triangle_lava_temple
Lair:1:   layout_misc_corridors, serial_bayou_shore_a, grunt_megastairs_4

Skill      XL: |  1  2  3  4  5  6  7  8  9 10 11 |
---------------+----------------------------------+-----
Fighting       | 3 4 5 6 7 8 9 10 | 10.0
Axes           | 5 6 7 9 10 | 10.0
Armour         | 5 6 |  6.0
Dodging        | 3 7 9 |  9.0
Invocations    | 4 12 | 12.0
Evocations     | 3 4 |  4.0
Throwing       | |  1.7

Action                   |  1- 3 |  4- 6 |  7- 9 | 10-12 || total
-------------------------+-------+-------+-------+-------++-------
Melee: War axe           |   100 |   165 |   362 |   498 ||  1125
Throw: Dart              |       |     9 |       |       ||     9
       Throwing net      |       |     1 |     5 |     2 ||     8
  Use: Scroll            |     3 |     3 |     7 |    12 ||    25
       Potion            |       |     1 |       |     8 ||     9
 Stab: Paralysed         |       |       |       |    35 ||    35
Armor: Leather armour    |    30 |     8 |       |       ||    38
       Ring mail         |       |    38 |   112 |       ||   150
       Skin              |       |    11 |       |     2 ||    13
       Chain mail        |       |       |    37 |   295 ||   332
Dodge: Dodged            |    73 |    95 |   228 |   260 ||   656
Block: Other             |       |       |    77 |   125 ||   202
       Reflection        |       |       |     4 |     3 ||     7

Table legend: (Time is in decaauts)
 A = Elapsed time spent in this place.
 B = Non-inter-level travel time spent in this place.
 C = Inter-level travel time spent in this place.
 D = Time resting spent in this place.
 E = Time spent auto-exploring this place.
 F = Levels seen in this place.
 G = Mean time per level.
                   A        B        C        D        E       F      G
               +--------+--------+--------+--------+--------+-----+--------+
         Total |  16105 |  14929 |   1176 |   1678 |  10955 |  14 | 1150.4 |
       Dungeon |  15765 |  14597 |   1168 |   1653 |  10694 |  12 | 1313.8 |
        Temple |    262 |    254 |      8 |      0 |    254 |   1 |  262.0 |
          Lair |     77 |     77 |      0 |     25 |      7 |   1 |   77.0 |
               +--------+--------+--------+--------+--------+-----+--------+

Top non-repeatable levels by time:
    D:10: 2139 daAuts
     D:1: 1791 daAuts
     D:4: 1783 daAuts
     D:3: 1661 daAuts
     D:6: 1630 daAuts
     D:7: 1346 daAuts
     D:2: 1132 daAuts
     D:5: 1100 daAuts
     D:8: 1037 daAuts
     D:9: 962 daAuts
    D:12: 896 daAuts
    D:11: 283 daAuts
  Temple: 262 daAuts
  Lair:1: 77 daAuts
